 Dungeon Crawl Stone Soup version 0.31-a0-819-gf6de2f5ab6 (webtiles) character file.

Game seed: 7461025995557731483

214 qw the Shooter (level 5, -3/32 HPs)
             Began as a Gargoyle Hunter on Sept 23, 2023.
             Slain by Terence
             ... wielding a +0 morningstar
              (6 damage)
             ... on level 3 of the Dungeon.
             The game lasted 00:00:42 (2137 turns).

qw the Shooter (Gargoyle Hunter)                    Turns: 2137, Time: 00:00:42

Health: -3/32      AC:  9    Str: 15    XL:     5   Next: 92%
Magic:  5/5        EV: 11    Int:  9    God:
Gold:   137        SH:  0    Dex: 15    Spells: 4/4 levels left

rFire   . . .        Y - +0 shortbow
rCold   . . .        (shield currently unavailable)
rNeg    + . .        c - +0 leather armour
rPois   inf          (no helmet)
rElec   +            d - +0 cloak
rCorr   .            (no gloves)
SInv    .            b - +0 pair of boots
Will    .....        (no amulet)
Stlth   ++           (no ring)
HPRegen 0.25/turn    (no ring)
MPRegen 0.09/turn

%: no passive effects
@: no status effects
A: sickness immunity, AC +4, negative energy resistance 1, electricity
resistance, torment resistance 1, petrification resistance
a: no special abilities


You were on level 3 of the Dungeon.
You visited 1 branch of the dungeon, and saw 3 of its levels.

You collected 137 gold pieces.


Innate Abilities, Weirdness & Mutations

You are immune to sickness and miasma.
Your stone body is resilient. (AC +4)
You are immune to poison.
You resist negative energy. (rN+)
You are resistant to electric shocks. (rElec)
You are resistant to unholy torment.
You are immune to petrification.


   Skills:
 + Level 3.3 Fighting
 - Level 6.3 Ranged Weapons
 - Level 1.1 Armour
 - Level 1.5 Dodging
 - Level 1.1 Stealth


You had 4 spell levels left.
You didn't know any spells.
Your spell library was empty.

Inventory:

Hand Weapons
 Y - a +0 shortbow (weapon)
Armour
 b - a +0 pair of boots (worn)
 c - a +0 leather armour (worn)
 d - a +0 cloak (worn)
Scrolls
 e - a scroll of identify
Potions
 a - a potion of resistance
 h - a potion of curing {unknown}
 i - a potion of attraction {unknown}

Dungeon Overview and Level Annotations

Branches:
Dungeon (3/15)

Altars:
Okawaru

Annotations:
D:3 Terence


Message History

You shoot an arrow. The arrow barely misses Terence.
Terence barely misses you.
You shoot an arrow.
The arrow hits Terence but does no damage.
Terence hits you with a +0 morningstar.
You shoot an arrow. The arrow barely misses Terence.
Terence closely misses you.
You shoot an arrow. The arrow barely misses Terence.
Terence hits you with a +0 morningstar. Terence hits you with a +0 morningstar!
You shoot an arrow.
The arrow hits Terence but does no damage.
Terence barely misses you.
You shoot an arrow.
The arrow hits Terence but does no damage.
Terence barely misses you.
You shoot an arrow. The arrow closely misses Terence.
Terence hits you with a +0 morningstar!
2130 ||| READING scroll of teleportation.
As you read the scroll of teleportation, it crumbles to dust.
You feel strangely unstable. Terence barely misses you.
You shoot an arrow. The arrow barely misses Terence.
Terence hits you with a +0 morningstar.
You shoot an arrow.
The arrow hits Terence but does no damage.
Your surroundings seem slightly different.
You shoot an arrow. The arrow closely misses Terence.
You shoot an arrow. The arrow closely misses Terence.
Terence shouts, "Now you die!" Terence barely misses you.
You shoot an arrow. The arrow hits Terence.
Terence is lightly wounded.
Terence hits you with a +0 morningstar. Terence hits you but does no damage.
You shoot an arrow. The arrow hits Terence.
Terence is heavily wounded.
Terence barely misses you.
You shoot an arrow. The arrow hits Terence.
Terence is heavily wounded.
Terence hits you with a +0 morningstar.
You die...

.# #.# .. #)#####
#)....### # ###.....#
##.#########.###.###.
.........##..........
#.##.......#####....
..#....#####...#####
........'.....@@....+
.###....#####...#####
........ #####
###..... #..#### #..
##.


You could see Terence.

Vanquished Creatures
  A phantom (D:3)
  Jessica (D:3)
  3 adders
  3 gnolls (D:3)
  A dart slug (D:1)
  3 orcs (D:3)
  7 endoplasms
  2 giant cockroaches
  4 goblins (D:2)
  4 hobgoblins
  3 quokkas (D:1)
  4 ball pythons
  5 bats
  4 frilled lizards
  3 kobolds
  5 rats
53 creatures vanquished.

Notes
Turn   | Place    | Note
-------+----------+-------------------------------------------
     0 | D:1      | qw the Gargoyle Hunter began the quest for the Orb.
     0 | D:1      | Reached XP level 1. HP: 12/12 MP: 1/1
     0 | D:1      | 0 ||| qw: Version: 0.3-a-83-gcd0e7d8
     0 | D:1      | 0 ||| qw: Game counter: 1684
     0 | D:1      | 0 ||| qw: Melee chars always use a shield: true
     0 | D:1      | 0 ||| qw: God list: Okawaru
     0 | D:1      | 0 ||| qw: Allow faded altars: false
     0 | D:1      | 0 ||| qw: Do Orc after clearing Dungeon:15 true
     0 | D:1      | 0 ||| qw: Do second Lair branch before Depths: true
     0 | D:1      | 0 ||| qw: Lair rune preference: random
     0 | D:1      | 0 ||| qw: Goals: Normal
     0 | D:1      | 0 ||| PLANNING D:1-11
    76 | D:1      | Reached XP level 2. HP: 10/17 MP: 2/2
   876 | D:1      | Reached XP level 3. HP: 21/21 MP: 3/3
   941 | D:1      | 941 ||| READING scroll labelled NIKOID ZOBI.
   944 | D:1      | 944 ||| READING 2 scrolls labelled MYEPTEAJAR.
   945 | D:1      | 945 ||| READING scroll labelled KIAKHA PABE.
  1046 | D:1      | 1046 ||| DROPPING scroll of butterflies.
  1064 | D:2      | Reached skill level 5 in Ranged Weapons
  1308 | D:2      | Reached skill level 3 in Fighting
  1550 | D:2      | Reached XP level 4. HP: 28/28 MP: 4/4
  1685 | D:2      | 1685 ||| UPGRADING to +0 pair of boots.
  1690 | D:2      | 1690 ||| READING scroll labelled NON BIEJIT.
  1691 | D:2      | 1691 ||| READING scroll labelled KYLLUF TYXUS.
  1692 | D:2      | 1692 ||| READING scroll labelled POSUN DAZASCH.
  1747 | D:3      | Noticed Jessica
  1752 | D:3      | Killed Jessica
  1831 | D:3      | Noticed a phantom
  1846 | D:3      | Killed a phantom
  1847 | D:3      | Reached skill level 6 in Ranged Weapons
  1847 | D:3      | Reached XP level 5. HP: 31/32 MP: 5/5
  1894 | D:3      | Reached skill level 1 in Armour
  2107 | D:3      | Found an iron altar of Okawaru.
  2108 | D:3      | 2108 ||| PLANNING OKAWARU WORSHIP
  2108 | D:3      | 2108 ||| UPGRADING to +0 cloak.
  2113 | D:3      | 2113 ||| READING 2 scrolls of identify.
  2113 | D:3      | 2113 ||| IDENTIFYING green potion
  2117 | D:3      | Noticed Terence
  2129 | D:3      | HP: 7/32 [Terence/+0 morningstar (7)]
  2130 | D:3      | 2130 ||| READING scroll of teleportation.
  2135 | D:3      | HP: 2/32 [Terence/+0 morningstar (4)]
  2137 | D:3      | Slain by Terence

Levels and vault maps discovered:
D:1:      scummos_arrival_checkerplants, layout_basic
D:2:      layout_basic
D:3:      layout_loops_cross, mainiacjoe_overflow_surrounded_room, uniq_jessica,
          uniq_terence

Skill      XL: |  1  2  3  4  5 |
---------------+----------------+-----
Ranged Weapons | 5 6 |  6.3
Fighting       | 3 |  3.3
Armour         | 1 |  1.1
Dodging        | |  1.5
Stealth        | |  1.1

Action                     |  1- 3 |  4- 6 || total
---------------------------+-------+-------++-------
   Fire: Shortbow          |    87 |    76 ||   163
    Use: Scroll            |     3 |     5 ||     8
 Armour: Leather armour    |    14 |    28 ||    42
  Dodge: Dodged            |    18 |    27 ||    45

Table legend:
 A = Non-vault XP
 B = Vault XP
 C = Vault XP percentage of total XP
 D = Non-vault monster count
 E = Vault monster count
 F = Vault count percentage of total count
                 A         B        C        D         E       F
            +---------+---------+-------+---------+---------+-------
      Total |     270 |      37 |  12.1 |      52 |       1 |   1.9
            +---------+---------+-------+---------+---------+-------
        D:1 |      37 |       0 |   0.0 |      23 |       0 |   0.0
        D:2 |      54 |       0 |   0.0 |      17 |       0 |   0.0
        D:3 |     179 |      37 |  17.1 |      12 |       1 |   7.7
            +---------+---------+-------+---------+---------+-------
